 Dungeon Crawl Stone Soup version 0.31-a0-795-g5eb97db20b (webtiles) character file.

Game seed: 3716974889398565940

353 browni3141 the Digger (level 6, -3/44 HPs)
             Began as a Formicid Earth Elementalist on Sept 18, 2023.
             Slain by Robin
             ... wielding a +0 trident
              (5 damage)
             ... on level 3 of the Dungeon.
             The game lasted 00:08:38 (3466 turns).

browni3141 the Digger (Formicid Earth Elementalist) Turns: 3466, Time: 00:08:39

Health: -3/44      AC:  3    Str: 12    XL:     6   Next: 94%
Magic:  2/10       EV: 12    Int: 17    God:
Gold:   73         SH:  0    Dex: 14    Spells: 5/11 levels left

rFire   . . .        o - +6 falchion "Tudiraz" {vamp, rC+ rN+}
rCold   + . .        (no shield)
rNeg    + . .        a - +0 robe
rPois   .            (helmet unavailable)
rElec   .            (no cloak)
rCorr   .            p - +0 pair of gloves
SInv    +            (no boots)
Will    .....        c - amulet of the acrobat
Stlth   ++           (no ring)
HPRegen 0.27/turn    (no ring)
MPRegen 0.12/turn

%: acrobat
@: no status effects
A: permanent stasis, dig shafts and tunnels, antennae 3, four strong arms
a: Dig, Shaft Self


You were on level 3 of the Dungeon.
You visited 1 branch of the dungeon, and saw 3 of its levels.

You collected 73 gold pieces.

Inventory:

Hand Weapons
 o - the +6 falchion "Tudiraz" (weapon) {vamp, rC+ rN+}
   (You found it on level 3 of the Dungeon)

   rC+:       It protects you from cold.
   rN+:       It protects you from negative energy.
Armour
 a - a +0 robe (worn)
 p - a +0 pair of gloves (worn)
Jewellery
 c - an amulet of the acrobat (around neck)
Scrolls
 f - a scroll of poison {unknown}
 h - 2 scrolls of identify {unknown}
 i - a scroll of teleportation
 j - a scroll of silence {unknown}
 l - a scroll of fog {unknown}
 m - a scroll of enchant armour {unknown}
 n - 3 scrolls of amnesia {unknown}
 q - a scroll of fear {unknown}
 r - a scroll of revelation {unknown}
Potions
 b - a potion of magic
 d - a potion of brilliance {unknown}
 e - a potion of lignification {unknown}
 g - 2 potions of mutation {unknown}
 k - a potion of invisibility {unknown}


   Skills:
 - Level 2.0 Fighting
 - Level 1.7 Dodging
 - Level 3.0 Stealth
 - Level 3.0 Spellcasting
 - Level 3.0 Conjurations
 - Level 2.0 Transmutations
 * Level 6.1 Earth Magic


You had 5 spell levels left.
You knew the following spells:

 Your Spells              Type           Power      Damage    Failure   Level
a - Sandblast             Erth           46%        2d11      1%          1
b - Passwall              Tmut/Erth      13%        N/A       4%          2
c - Stone Arrow           Conj/Erth      36%        3d9       9%          3

Your spell library contained the following spells:

 Spells                   Type           Power      Damage    Failure   Level
 Brom's Barrelling Bould  Conj/Erth      18%        2d4       26%         4
 Petrify                  Tmut/Erth      16%        N/A       32%         4


Dungeon Overview and Level Annotations

Branches:
Dungeon (3/15)

Altars:

Annotations:
D:3 Robin


Innate Abilities, Weirdness & Mutations

You cannot be hasted, slowed, berserked, paralysed or teleported.
You can dig through walls and to a lower floor.
You have a pair of large antennae on your head. (SInv)
Your four strong arms can wield two-handed weapons with a shield.


Message History

Robin's horned helmet rattles.
Robin roars a battlecry!
The goblin goes into a battle-frenzy!
You see here a +0 club.
The goblin attacks as it pursues you! The goblin barely misses you.
Aiming: Sandblast (safe; 1% risk of failure)
Press: ? - help, Q - select action, (/) - cycle Shift-Dir - straight line, f/p - Robin
Aim: Robin, wielding a +0 trident, wearing a +0 animal skin and wearing a +0 helmet (heavily wounded, 87% to hit)
The blast of sand hits the goblin.
You kill the goblin!
Robin throws the goblin at you! The goblin barely misses you.
Robin's bangles clink loudly.
Aiming: Sandblast (safe; 1% risk of failure)
Press: ? - help, Q - select action, (/) - cycle Shift-Dir - straight line, f/p - Robin
Aim: Robin, wielding a +0 trident, wearing a +0 animal skin and wearing a +0 helmet (heavily wounded, 87% to hit)
The blast of sand hits the hobgoblin.
The hobgoblin is severely wounded.
The hobgoblin closely misses you. The goblin hits you with a +0 dagger.
Robin closely misses you. The hobgoblin hits you.
You hit the goblin.
The goblin is severely wounded.
The goblin hits you with a +0 dagger.
* * * LOW HITPOINT WARNING * * *
Robin roars a battlecry!
The goblin goes into a battle-frenzy!
The hobgoblin hits you.
* * * LOW HITPOINT WARNING * * *
The goblin hits you with a +0 dagger.
* * * LOW HITPOINT WARNING * * *
Robin barely misses you.
Okay, then.
Okay, then.
Unknown command.
You slash the goblin!
You feel better.
You kill the goblin!
The hobgoblin hits you.
* * * LOW HITPOINT WARNING * * *
Robin hits you from afar with a +0 trident.
You die...
Robin lets out a smug laugh.

#)# ### #
##.######{ ...
#.#......K.. ###
##.#).# ##....)#
##....g.#
#......)##### #
.....g..g...####.##
#.......##..gg@)..#
{
##.>....##..####.>#
#......##..# ....
#.#.#..##..# ##..
##.#.#..##..##.# .
##..†........<..#
##†..............#
#...#...####..##.#
##.....## #..# ...


You could see Robin, a hobgoblin (strong) and a goblin (strong).

Vanquished Creatures
  Sigmund (D:2)
  Jessica (D:2)
  Natasha (thrice) (D:2)
  2 adders (D:3)
  8 endoplasms
  A giant cockroach (D:2)
  12 goblins
  7 hobgoblins
  3 jackals (D:3)
  5 quokkas
  7 ball pythons
  4 bats
  A frilled lizard (D:2)
  8 kobolds
  7 rats
70 creatures vanquished.

Notes
Turn   | Place    | Note
-------+----------+-------------------------------------------
     0 | D:1      | browni3141 the Formicid Earth Elementalist began the quest
                  | for the Orb.
     0 | D:1      | Reached XP level 1. HP: 13/13 MP: 3/3
   144 | D:1      | Reached XP level 2. HP: 20/20 MP: 3/5
   151 | D:1      | Reached skill level 1 in Fighting
   153 | D:1      | Reached skill level 4 in Earth Magic
   559 | D:1      | Reached XP level 3. HP: 26/26 MP: 4/6
  1181 | D:2      | Noticed Natasha
  1305 | D:2      | Learned a level 2 spell: Passwall
  1309 | D:2      | Learned a level 3 spell: Stone Arrow
  1402 | D:2      | Noticed Sigmund
  1547 | D:2      | Found a faded altar of an unknown god.
  1603 | D:2      | Noticed Jessica
  1853 | D:2      | Reached XP level 4. HP: 32/32 MP: 5/7
  1856 | D:2      | Killed Jessica
  1857 | D:2      | Reached skill level 5 in Earth Magic
  2089 | D:2      | Killed Natasha
  2090 | D:2      | Reached XP level 5. HP: 38/38 MP: 5/8
  2475 | D:2      | Noticed Natasha
  2495 | D:2      | Killed Natasha
  2510 | D:2      | Noticed Natasha
  2515 | D:2      | Killed Natasha
  2516 | D:2      | Reached skill level 1 in Conjurations
  2628 | D:2      | Found a faded altar of an unknown god.
  2909 | D:2      | Killed Sigmund
  2910 | D:2      | Reached skill level 6 in Earth Magic
  2910 | D:2      | Reached XP level 6. HP: 44/44 MP: 5/10
  3004 | D:3      | Identified the +6 falchion "Tudiraz" {vamp, rC+ rN+}
  3436 | D:3      | Noticed Robin
  3465 | D:3      | HP: 1/44 [goblin/+0 dagger[Robin] (5)]
  3466 | D:3      | Slain by Robin

Illustrated notes

Levels and vault maps discovered:
D:1:      dpeg_arrival_pits, layout_loops_ring, serial_bayou_lake_a
D:2:      layout_loops_ring, chequers_ecumenical_altar_twisty,
          kennysheep_cross_bottleneck, uniq_jessica, uniq_sigmund, uniq_natasha
D:3:      layout_loops_ring, kennysheep_generic_room_8, uniq_ijyb, uniq_robin

Skill      XL: |  1  2  3  4  5  6 |
---------------+-------------------+-----
Fighting       | 1 2 |  2.0
Earth Magic    | 4 5 6 |  6.1
Stealth        | 3 |  3.0
Conjurations   | 2 3 |  3.0
Spellcasting   | 3 |  3.0
Transmutations | 2 |  2.0
Dodging        | |  1.7

Action                     |  1- 3 |  4- 6 || total
---------------------------+-------+-------++-------
  Melee: Unarmed           |     2 |       ||     2
         Falchion          |       |    10 ||    10
   Cast: Sandblast         |    63 |    38 ||   101
    Use: Scroll            |       |     1 ||     1
 Armour: Robe              |     5 |    28 ||    33
  Dodge: Dodged            |    13 |    31 ||    44

Table legend: (Time is in decaauts)
 A = Elapsed time spent in this place.
 B = Non-inter-level travel time spent in this place.
 C = Inter-level travel time spent in this place.
 D = Time resting spent in this place.
 E = Time spent auto-exploring this place.
 F = Levels seen in this place.
 G = Mean time per level.
                   A        B        C        D        E       F      G
               +--------+--------+--------+--------+--------+-----+--------+
         Total |   3556 |   3435 |    121 |     23 |   2888 |   3 | 1185.3 |
       Dungeon |   3556 |   3435 |    121 |     23 |   2888 |   3 | 1185.3 |
               +--------+--------+--------+--------+--------+-----+--------+

Top non-repeatable levels by time:
     D:2: 1905 daAuts
     D:1: 1130 daAuts
     D:3: 520 daAuts
